 Dungeon Crawl Stone Soup version 0.23-a0-26-g9187234747 (webtiles) character file.

690 Naru the Chopper (level 7, -8/61 HPs)
             Began as a Hill Orc Fighter on Aug 3, 2018.
             Was a Follower of Beogh.
             Mangled by an orc warrior
             ... wielding a +0 broad axe
              (21 damage)
             ... on level 5 of the Dungeon.
             The game lasted 00:10:58 (4988 turns).

Naru the Chopper (Hill Orc Fighter)                 Turns: 4988, Time: 00:10:59

Health: -8/61      AC: 10    Str: 19    XL:     7   Next: 63%
Magic:  7/7        EV:  3    Int: 10    God:    Beogh [*.....]
Gold:   155        SH: 13    Dex: 10    Spells: 6/6 levels left

rFire    . . .     SeeInvis .   a - +0 war axe
rCold    + . .     Gourm    +   l - -1 large shield
rNeg     . . .     Faith    .   n - +0 chain mail
rPois    .         Spirit   .   d - +0 helmet
rElec    .         Reflect  .   (no cloak)
rCorr    .         Harm     .   (no gloves)
MR       .....                  (no boots)
Stlth    ..........             i - amulet of the gourmand
HPRegen  0.20/turn              g - ring of protection from cold
MPRegen  0.10/turn              (no ring)

@: no status effects
A: no striking features
a: Renounce Religion


You were on level 5 of the Dungeon.
You worshipped Beogh.
Beogh was aware of your devotion.
You were completely stuffed.

You visited 1 branch of the dungeon, and saw 5 of its levels.

You collected 155 gold pieces.

Inventory:

Hand Weapons
 a - a +0 war axe (weapon)
Missiles
 h - 24 bolts
 k - 2 throwing nets (quivered)
Armour
 d - a +0 helmet (worn)
 l - a -1 large shield (worn)
 n - a +0 chain mail (worn)
Jewellery
 g - a ring of protection from cold (left hand)
 i - an amulet of the gourmand (around neck)
 q - an uncursed amulet of faith {unknown}
 r - a +2 amulet of reflection {unknown}
Scrolls
 e - 2 scrolls of teleportation
 j - 3 scrolls of remove curse
 m - 4 scrolls of identify
 o - a scroll of amnesia
 s - 2 scrolls of magic mapping
Potions
 b - a potion of might
 c - a potion of resistance {unknown}
 p - 2 potions of brilliance
Comestibles
 f - 5 rations


   Skills:
 * Level 5.6 Fighting
 * Level 7.6 Axes
 + Level 4.6 Armour
 + Level 0.9 Dodging
 + Level 4.9 Shields


You had 6 spell levels left.
You didn't know any spells.
Your spell library was empty.

Dungeon Overview and Level Annotations

Branches:
Dungeon (5/15)
 Temple: D:4-7

Altars:
Ashenzari
Cheibriados
Elyvilon
Fedhas
Makhleb
Okawaru
Ru
Sif Muna

Shops:
D:4 *[(!=


Message History

You hit the shadow imp.
You kill the shadow imp!
Beogh accepts your kill.
You swing at nothing.
An adder comes into view.
You swing at nothing.
The adder hisses angrily.
An orc wizard comes into view. It is wielding an enchanted dagger.
The orc wizard shouts!
An orc comes into view. It is wielding a short sword.
The orc warrior hits you with a broad axe.
The orc shouts!
The orc warrior hits you with a broad axe.
An adder zombie comes into view.
The orc wizard zaps a wand.
You are blasted!
* * * LOW HITPOINT WARNING * * *
It is a wand of disintegration (12).
The orc warrior hits you with a broad axe!!
You die...
Beogh appreciates the orc warrior's killing of a heretic priest.

((.# #.. ... ##)# #.#
#.# ## #(# #.# #.# ..
##<###.# #.# .# ..
....##.####.#######.##o.
....##..........#....o.Z
.......####............
....##.# ###.#.#.#.###
....##.# #<#.@S..#
#.####.# #..#.o..# #.#
#.# #.#....## ..# #.#
#.#.#.## .## ..# #.#.#.#
. .... #.... .###.
#..#.. #. .# #.. .## #
.# ... ..


You could see an orc warrior, an orc wizard, an adder and an orc.

Vanquished Creatures
  A sky beast (D:5)
  A centaur (D:5)
  A scorpion (D:5)
  A howler monkey (D:4)
  2 hounds (D:4)
  An orc priest (D:4)
  A worker ant (D:4)
  Natasha (twice) (D:3)
  3 orc wizards
  A howler monkey skeleton (D:4)
  6 adders
  A shadow imp (D:5)
  2 oozes
  An adder skeleton (D:4)
  2 worms (D:3)
  A dart slug (D:1)
  3 leopard geckos
  13 orcs
  6 giant cockroaches
  3 goblins
  11 hobgoblins
  2 jackals (D:4)
  7 kobolds
  3 quokkas
  A ball python (D:4)
  6 bats
  5 frilled lizards
  7 rats
94 creatures vanquished.

Vanquished Creatures (others)
  Natasha (D:3)
  An orc (D:3)
2 creatures vanquished.

Grand Total: 96 creatures vanquished

Notes
Turn   | Place    | Note
-------+----------+-------------------------------------------
     0 | D:1      | Naru the Hill Orc Fighter began the quest for the Orb.
     0 | D:1      | Reached XP level 1. HP: 19/19 MP: 1/1
   306 | D:1      | Reached skill level 3 in Axes
   306 | D:1      | Reached XP level 2. HP: 15/27 MP: 2/2
  1048 | D:2      | Reached XP level 3. HP: 28/33 MP: 3/3
  1060 | D:2      | Found a burning altar of Makhleb.
  1518 | D:2      | Reached XP level 4. HP: 35/40 MP: 4/4
  1574 | D:2      | Reached skill level 4 in Axes
  2164 | D:3      | Found an iron altar of Okawaru.
  2285 | D:3      | Reached XP level 5. HP: 11/46 MP: 5/5
  2794 | D:3      | Reached skill level 5 in Axes
  2815 | D:3      | Became a worshipper of Beogh the Brigand
  2860 | D:3      | Noticed Natasha
  2873 | D:3      | Killed Natasha
  2957 | D:3      | Killed Natasha
  2958 | D:3      | Noticed Natasha
  2989 | D:3      | Killed Natasha
  3317 | D:4      | Found Qyuzunt's Jewellery Shop.
  3353 | D:4      | Found Xant's Distillery.
  3460 | D:4      | Reached skill level 6 in Axes
  3460 | D:4      | Reached XP level 6. HP: 19/53 MP: 6/6
  3721 | D:4      | Found Evoschar's Antique Armour Shop.
  3796 | D:4      | Found a sacrificial altar of Ru.
  3828 | D:4      | Found a snail-covered altar of Cheibriados.
  3828 | D:4      | Found a blossoming altar of Fedhas.
  3859 | D:4      | Found a burning altar of Makhleb.
  3859 | D:4      | Found a shattered altar of Ashenzari.
  3913 | D:4      | Reached * piety under Beogh
  3951 | D:4      | Found a deep blue altar of Sif Muna.
  4074 | D:4      | Found Woexygal's Antique Weapon Emporium.
  4138 | D:4      | Reached skill level 5 in Fighting
  4406 | D:4      | Found Jumn's General Store.
  4473 | D:4      | Found a white marble altar of Elyvilon.
  4482 | D:4      | Reached XP level 7. HP: 60/61 MP: 7/7
  4670 | D:5      | Entered Level 5 of the Dungeon
  4686 | D:5      | Reached skill level 7 in Axes
  4988 | D:5      | Mangled by an orc warrior

Vault maps used:
D:1:      lightli_arrival_quake, minmay_liquid_box, minivault_24,
          serial_bayou_pond_c, glass_columns_c, kennysheep_nondescript,
          roderic_lattice_a
D:2:      grunt_ministairs_15, minmay_misc_feat_plants, bloody_makhleb
D:3:      okawaru_metal_pillars_1_2, uniq_natasha
D:4:      led_sif_pool, elyvilon_altar_1, grunt_temple_overflow_open,
          serial_shops, shop_statue, shop, shop, shop, nicolae_shop_trees,
          minmay_misc_feat_chi
D:5:      nicolae_qazlal_eye_of_the_storm, temple_pool_b, portal_sewer_entry_e,
          first_ration

Skill      XL: |  1  2  3  4  5  6  7 |
---------------+----------------------+-----
Axes           | 3 4 6 7 |  7.6
Fighting       | 4 5 |  5.6
Armour         | 4 |  4.6
Shields        | 4 |  4.9
Dodging        | |  0.9

Action                   |  1- 3 |  4- 6 |  7- 9 || total
-------------------------+-------+-------+-------++-------
Melee: War axe           |   134 |   283 |    34 ||   451
Invok: Convert to Beogh  |       |     1 |       ||     1
  Use: Scroll            |       |     6 |       ||     6
       Potion            |       |     1 |       ||     1
  Eat: Chunk             |     2 |    11 |     4 ||    17
       Ration            |       |     2 |       ||     2
Armor: Scale mail        |    59 |   101 |       ||   160
       Chain mail        |       |    67 |    14 ||    81
Dodge: Dodged            |    39 |    62 |     4 ||   105
Block: Shield            |    81 |    21 |       ||   102
       Large shield      |       |   185 |    22 ||   207

Table legend:
 A = Spawn XP
 B = Non-spawn XP
 C = Spawn XP percentage of total XP
 D = Spawn monster count
 E = Non-spawn monster count
 F = Spawn count percentage of total count
 G = Total turns spent on level
                    A         B        C        D         E        F      G
               +---------+---------+-------+---------+---------+-------+---------
         Total |       0 |     986 |   0.0 |       0 |      94 |   0.0 |  4988
               +---------+---------+-------+---------+---------+-------+---------
           D:1 |       0 |      23 |   0.0 |       0 |      15 |   0.0 |   911
           D:2 |       0 |      86 |   0.0 |       0 |      27 |   0.0 |  1112
           D:3 |       0 |     174 |   0.0 |       0 |      20 |   0.0 |  1261
           D:4 |       0 |     371 |   0.0 |       0 |      27 |   0.0 |  1386
           D:5 |       0 |     332 |   0.0 |       0 |       5 |   0.0 |   318
               +---------+---------+-------+---------+---------+-------+---------
